[Event "Super United Croatia GCT Rapid 2022"]
[Site "Zagreb"]
[Date "2022.07.20"]
[Round "3.1"]
[White "Carlsen, Magnus"]
[Black "Vachier-Lagrave, Maxime"]
[Result "1/2-1/2"]
[ECO "B23"]
[WhiteElo "2864"]
[BlackElo "2760"]
[Annotator "TA"]
[PlyCount "38"]
[EventDate "2022.07.20"]
[EventType "tourn"]
[EventCountry "CRO"]
[SourceTitle "playchess.com"]
[Source "ChessBase"]
[SourceQuality "1"]
[TimeControl "1500+10"]

1. e4 c5 2. Nc3 d6 3. d4 cxd4 4. Qxd4 Nc6 5. Qd2 e6 6. b3 {[%emt 0:00:56] B23: Closed Sicilian: Lines without g3.} d5 (6... Nf6 $11 {was preferrable.}) 7. exd5 $14 exd5 {[%emt 0:00:02] [#]} 8. Qxd5 $146 {[%emt 0:01:30] White is slightly better.} ({Predecessor:} 8. a3 Nf6 9. Bb2 d4 10. Nce2 Bc5 11. Nf3 O-O 12. Nexd4 Ne4 13. Qd3 Qa5+ 14. b4 Nxb4 15. axb4 Qxb4+ 16. Bc3 Nxc3 17. Be2 Re8 18. O-O Bxd4 19. Nxd4 Qxd4 {0-1 (19) Yang,K (2481)-Matlakov,M (2674) Chess.com INT 2022}) 8... Qf6 9. Bb2 (9. Qd2 $1 $14) 9... Ba3 $1 $11 {[%emt 0:05:19] The position is equal.} 10. O-O-O Qxc3 $1 11. Bxa3 {[%emt 0:00:03] [#] Bb2 is the strong threat. Chess con chili.} Nf6 $1 12. Qc4 Qa1+ 13. Kd2 Qxa2 (13... Qe5 $2 14. Re1 Be6 {[#]} 15. Qxc6+ $3 bxc6 16. Rxe5 $18) 14. Re1+ Be6 15. Rxe6+ fxe6 16. Qxe6+ Kd8 17. Qd6+ Ke8 18. Qe6+ Kd8 19. Qd6+ Ke8 {[%emt 0:00:02] Weighted Error Value: White=0.10 (very precise) /Black=0.05 (flawless)} 1/2-1/2

[Event "Super United Croatia GCT Rapid 2022"]
[Site "Zagreb"]
[Date "2022.07.20"]
[Round "3.2"]
[White "Firouzja, Alireza"]
[Black "Topalov, Veselin"]
[Result "1-0"]
[ECO "C42"]
[WhiteElo "2793"]
[BlackElo "2728"]
[Annotator "TA"]
[PlyCount "59"]
[EventDate "2022.07.20"]
[EventType "tourn"]
[EventCountry "CRO"]
[SourceTitle "playchess.com"]
[Source "ChessBase"]
[SourceQuality "1"]
[TimeControl "1500+10"]

1. e4 e5 2. Nf3 Nf6 3. Nxe5 d6 4. Nf3 Nxe4 5. d4 d5 6. Bd3 Bd6 7. O-O O-O 8. c4 c6 9. Re1 Bf5 10. Qb3 Qd7 {[%emt 0:00:05] C42: Petroff Defence: 3 Nxe5 and unusual White 3rd moves.} 11. c5 Bc7 12. Nc3 Re8 {[%emt 0:05:32] [#] The position is equal.} (12... Nxc5 $5 13. Bxf5 Nxb3 14. Bxd7 Nxa1 $11) 13. g3 $146 ({Predecessor:} 13. Be3 Na6 14. Ne2 f6 15. a3 g5 16. Qc2 h5 17. Rad1 h4 18. Nd2 Qh7 19. Nxe4 Bxe4 20. Bxe4 Qxe4 21. Qxe4 Rxe4 {½-½ (33) Giri,A (2772)-Vidit,S (2727) Wijk aan Zee 2022}) 13... Ba5 (13... b6 $11) 14. Bf4 $16 Bxc3 15. bxc3 {[%emt 0:00:02] Black must now prevent Ne5.} f6 {[%emt 0:00:03] [#] Inhibits Ne5.} (15... Be6 $16 16. Ne5 (16. Bxe4 dxe4 17. Ne5 Qc8 $14) 16... Qc8) 16. c4 ({White should play} 16. Nh4 $1 $18 Be6 17. f3) 16... Be6 17. Bxe4 (17. Rab1 $142) 17... dxe4 18. Rxe4 {[%emt 0:00:02][%cal Od4d5] And now d5! would win.} Na6 19. Rae1 Bf7 20. Bd6 {[%emt 0:01:01] [#] Hoping for Re7. 0x0.001f237e564adp-1022s more active pieces.} Rxe4 21. Rxe4 {[%emt 0:00:02] Strongly threatening Re7.} Re8 {[%emt 0:00:21] Prevents Re7.} 22. Rxe8+ Qxe8 23. Bf4 $36 {[%emt 0:01:42][%mdl 2048] White is more active.} h6 24. Be3 (24. Nd2 {looks sharper.} Qe7 25. Be3 Kh7 26. Kg2) 24... Qd7 25. Nd2 Bg6 26. f3 f5 27. Qb2 Kh7 28. Bf4 b6 $2 (28... Nc7 $16 {keeps fighting.} 29. Bd6 Ne8) 29. cxb6 $18 axb6 30. Qxb6 {[%emt 0:00:05] Weighted Error Value: White=0.13 (very precise) /Black=0.39} 1-0

[Event "Super United Croatia GCT Rapid 2022"]
[Site "Zagreb"]
[Date "2022.07.20"]
[Round "3.3"]
[White "Mamedyarov, Shakhriyar"]
[Black "Nepomniachtchi, Ian"]
[Result "1-0"]
[ECO "B14"]
[WhiteElo "2759"]
[BlackElo "2766"]
[Annotator "TA"]
[PlyCount "83"]
[EventDate "2022.07.20"]
[EventType "tourn"]
[EventCountry "CRO"]
[SourceTitle "playchess.com"]
[Source "ChessBase"]
[SourceQuality "1"]
[TimeControl "1500+10"]

1. d4 Nf6 2. c4 e6 3. Nf3 d5 4. Nc3 c5 5. e3 Nc6 6. cxd5 exd5 7. Bb5 cxd4 8. exd4 Bd6 {[%emt 0:00:21] B14: Caro-Kann: Panov-Botvinnik Attack with 5...e6 and 5...g6.} 9. O-O O-O 10. Bg5 Bg4 {[%emt 0:00:12] The position is equal.} 11. Be2 Be6 {[%emt 0:00:24] 11...h6 is the recent fashion.} 12. Re1 h6 13. Bh4 Re8 {[%emt 0:00:02] [#]} 14. Bb5 $146 ({Predecessor:} 14. Qb3 Na5 15. Qa4 a6 16. Ne5 b5 17. Qd1 Be7 18. Bf3 Bb4 19. Rc1 g5 20. Bg3 Rc8 21. Qd3 {0-1 (44) Ikejiri,D (1961)-Tharushi,T (1712) Chess.com INT 2021}) 14... g5 15. Bg3 Bxg3 16. hxg3 Bg4 17. Bxc6 bxc6 18. Qd3 Bxf3 19. gxf3 Qd6 20. Kg2 Nd7 21. Rxe8+ Rxe8 22. Rh1 Nf8 23. Qa6 Re7 24. Nd1 Qg6 25. Ne3 Rxe3 26. fxe3 $11 {[%emt 0:00:01][%mdl 4096] Endgame KQR-KQN. Black is on the road to losing.} Qc2+ 27. Kg1 Qc1+ 28. Qf1 $1 Qxe3+ 29. Qf2 Qe6 30. Kg2 $36 {[%emt 0:00:20][%mdl 2048] White is in control.} Qg6 31. Rc1 Ne6 (31... h5 $16 32. Qc2 Qe6) 32. Qe3 Qf6 (32... Kf8 $16 {might work better.} 33. Kh2 Qh5+ 34. Kg2 Qg6) 33. Qe5 $18 (33. Rxc6 $6 Nf4+ 34. gxf4 Qxc6 $14) 33... Qg6 {[%emt 0:00:01] [#]} 34. Kf2 $1 ({Don't do} 34. Rxc6 $6 Nf4+ 35. gxf4 Qxc6 $16) 34... Qd3 {[%emt 0:03:08] Strongly threatening ...Qd2+.} 35. Rxc6 Qd2+ {[%emt 0:00:02] [#]} 36. Kf1 $1 {[%emt 0:00:59] Rc8+ is the strong threat.} Qd1+ 37. Kg2 Qd2+ $2 (37... Kh7 38. Qxd5 Qd2+ 39. Kh3 h5 40. Qe4+ Kg7 41. Qe5+ Kg6 42. Qe4+ Kg7 43. Qe5+ Kg6 44. Rxe6+ fxe6 45. Qxe6+ Kg7 46. Qe7+ Kh6 47. Qf6+ (47. Qxa7 Qxb2 48. Qa6+ Kg7 $16) 47... Kh7 48. Qf7+ Kh6 49. Qf8+ (49. Qxa7 Qxb2 50. Qa6+ Kg7 $16) 49... Kh7 50. Qf7+ Kh6 51. Qf8+ (51. Qxa7 Qxb2 52. Qa6+ Kg7 $16) 51... Kh7 52. Qf7+) 38. Kh3 {[%emt 0:00:22] Rc8+ would kill now.} Ng7 39. Qxd5 {[%emt 0:02:16] White wants to mate with Rc8+.} Qf2 40. Rc8+ {[%emt 0:01:20] White mates.} Kh7 41. Qxf7 g4+ 42. Kxg4 {[%emt 0:01:02] Weighted Error Value: White=0.04 (flawless) /Black=0.43} 1-0

[Event "Super United Croatia GCT Rapid 2022"]
[Site "Zagreb"]
[Date "2022.07.20"]
[Round "3.4"]
[White "Dominguez Perez, Leinier"]
[Black "Saric, Ivan"]
[Result "1/2-1/2"]
[ECO "B90"]
[WhiteElo "2754"]
[BlackElo "2680"]
[Annotator "TA"]
[PlyCount "80"]
[EventDate "2022.07.20"]
[EventType "tourn"]
[EventCountry "CRO"]
[SourceTitle "playchess.com"]
[Source "ChessBase"]
[SourceQuality "1"]
[TimeControl "1500+10"]

1. e4 c5 2. Nf3 d6 3. d4 cxd4 4. Nxd4 Nf6 5. Nc3 a6 6. Be3 e5 7. Nb3 Be7 8. f3 Be6 9. Qd2 Nbd7 10. g4 O-O 11. g5 Nh5 12. O-O-O b5 {[%emt 0:00:05] 12...Qc7 is not played anymore.} 13. Kb1 {[%emt 0:00:13] B90: Sicilian Najdorf: Unusual White 6th moves, 6 Be3 Ng4 and 6 Be3 e5.} Nb6 14. Na5 Rc8 {[%emt 0:00:05] Prevents Nc6.} 15. Nd5 {[%emt 0:00:03] is the new trend.} ({Much weaker is} 15. Nb7 Qc7 16. Na5 (16. Nxd6 $2 Rcd8 $19) 16... Nf4 17. Bxf4 exf4 $17) 15... Nxd5 16. exd5 Bxd5 17. Qxd5 Qxa5 18. c4 Nf4 19. Bxf4 exf4 20. h4 Qa4 21. Bd3 {[%emt 0:00:18] The position is equal.} bxc4 22. Qe4 {[%emt 0:00:06][%csl Gd3,LRe7,LRf4,LRh7][%cal Re4h7] [#]} g6 {[%emt 0:00:07][%cal Od6d5] And now ...d5! would win.} 23. Bc2 Qe8 24. Rde1 Rc7 {[%emt 0:00:03] Strongly threatening ...Qb5.} 25. h5 $1 {[%emt 0:00:25] hxg6 is the strong threat.} d5 26. Qe5 Qc6 27. hxg6 $1 fxg6 {[%emt 0:00:01] [#]} 28. Rxh7 $146 ({Predecessor:} 28. Rh6 Qd6 29. Bxg6 Qxe5 30. Bxh7+ Kg7 31. Rxe5 Bxg5 32. Rh2 Bf6 33. Rxd5 {½-½ (33) Ganguly,S (2609)-Yilmaz,M (2626) Havana 2022}) 28... Kxh7 29. Ba4 Qxa4 30. Qxc7 {[%emt 0:00:02] Chess con chili.} Rf7 31. Rh1+ Kg8 {[%emt 0:00:37] Threatens to win with ...Bf8.} 32. Qe5 Rh7 {[%emt 0:03:40] Prevents Rh8+.} 33. Qxd5+ Kg7 34. Qd4+ Kg8 35. Qd5+ Kg7 36. Qe5+ Kf8 37. Qb8+ Kg7 38. Qe5+ Kf8 39. Qb8+ Kg7 40. Qe5+ Kf8 {[%emt 0:00:02] An even fight not without its subleties.  Weighted Error Value: White=0.01 (flawless) /Black=0.01 (flawless)} 1/2-1/2

[Event "Super United Croatia GCT Rapid 2022"]
[Site "Zagreb"]
[Date "2022.07.20"]
[Round "3.5"]
[White "So, Wesley"]
[Black "Van Foreest, Jorden"]
[Result "1-0"]
[ECO "C54"]
[WhiteElo "2773"]
[BlackElo "2678"]
[Annotator "TA"]
[PlyCount "127"]
[EventDate "2022.07.20"]
[EventType "tourn"]
[EventCountry "CRO"]
[SourceTitle "playchess.com"]
[Source "ChessBase"]
[SourceQuality "1"]
[TimeControl "1500+10"]

1. e4 e5 2. Nf3 Nc6 3. Bc4 Bc5 4. O-O Nf6 5. d3 d6 6. c3 a6 7. Re1 {[%emt 0:00:10] C54: Giuoco Piano: 4 c3 Nf6, main lines with 5 d4 and 5 d3.} Ba7 8. a4 h6 9. Nbd2 {[%emt 0:00:27] The position is equal.} O-O 10. h3 Re8 11. Qc2 $5 {[%emt 0:00:09][%mdl 4] A promising side line.} Be6 12. Bxe6 Rxe6 13. b4 Qd7 14. Rb1 Ne7 15. Nf1 Ng6 16. Ng3 Ree8 17. c4 (17. Nf5 {seems wilder.} d5 18. c4 c6 19. Bd2) 17... c6 {[%emt 0:01:56] [#]} 18. c5 $146 ({Predecessor:} 18. Bd2 Rad8 19. Nf5 Ne7 20. Ng3 Ng6 21. Rbd1 d5 22. Bc3 Bb8 23. c5 Bc7 24. Nf5 {1-0 (69) Leko,P (2663)-Anand,V (2753) chess24.com INT 2020}) 18... Rad8 19. Be3 d5 20. Nf5 Bb8 21. Rbd1 Ne7 22. Ng3 Ng6 23. Nf5 Ne7 24. N3h4 Nxf5 25. Nxf5 Kh7 26. Ng3 Kg8 27. f3 Bc7 28. Qf2 Kh7 29. Nf5 Ng8 30. d4 Ne7 31. Nd6 Bxd6 32. cxd6 exd4 33. Bf4 Ng6 34. Bg3 {[%emt 0:00:04] next exd5 is good for White.} dxe4 35. Rxe4 Rxe4 36. fxe4 Re8 {[%emt 0:00:23] Against e5} 37. Qxd4 f6 {[%emt 0:00:02] Inhibits e5.} 38. b5 axb5 39. axb5 Ne5 {[%emt 0:00:15] [#]} (39... cxb5 $11 40. Rc1 Qe6) 40. bxc6 $1 $16 bxc6 41. Qb6 Ng6 42. Qc7 Nf8 {[%emt 0:00:02] [#]} 43. Rb1 ({Better is} 43. Ra1 $1 $16) 43... Rc8 $1 $14 44. Qa5 {[%emt 0:00:23] 0x0.00200f5b6b64dp-1022s more active pieces. The black rooks are badly placed.} c5 $1 45. Qa6 (45. Qa2 $14) 45... Qe6 $1 $11 46. Rb7 {[%emt 0:00:27] aiming for Re7.} Nd7 47. Qa7 (47. Ra7 $5 Rf8 48. Qb7 $16) 47... Rd8 48. Qa5 Qxe4 49. Ra7 {[%emt 0:00:04] [#]} Rb8 {[%emt 0:00:46] ( -> ...Rb1+)} 50. Qd2 ({Avoid the trap} 50. Rxd7 $2 Rb1+ 51. Be1 Rxe1+ 52. Qxe1 Qxe1+ $19) 50... Ne5 (50... Rb3 $5 51. Qf4 Qg6 $15) 51. Re7 {[%emt 0:00:28] Strongly threatening Bxe5.} Rb3 (51... Rd8 $5 ) 52. Bxe5 fxe5 {[%emt 0:00:38][%mdl 4096] Endgame KQR-KQR} 53. d7 Rd3 54. d8=Q Rxd8 55. Qxd8 Qe3+ $1 56. Kf1 $1 Qf4+ 57. Ke2 Qe4+ 58. Kd2 Qf4+ 59. Kc3 Qc1+ 60. Kb3 {[%emt 0:00:01] Intending Qd3+ and mate.} Qb1+ 61. Kc4 Qc2+ (61... Qb4+ $11 62. Kd3 Qb1+ 63. Ke3 Qe1+ 64. Kf3 Qf1+ 65. Ke4 Qf4+ 66. Kd3 Qf1+ 67. Kc2 (67. Kc3 Qc1+ 68. Kb3 Qb1+ 69. Ka3 Qa1+ 70. Kb3 Qb1+ $11) 67... Qc4+ 68. Kd1 Qf1+ 69. Kd2 Qf4+ 70. Kd3 Qf1+ 71. Ke4 (71. Kc3 Qc1+ 72. Kb3 Qb1+ 73. Kc4 Qb4+ 74. Kd3 Qb1+ 75. Ke3 Qe1+ 76. Kf3 Qf1+ 77. Ke4 Qf4+ 78. Kd3 $11) 71... Qf4+ 72. Kd3) 62. Kb5 $18 {[%emt 0:00:01] White is clearly winning.} c4 63. Qc7 Qxg2 64. Qxe5 {[%emt 0:00:10] Weighted Error Value: White=0.09 (flawless) /Black=0.08 (flawless)} 1-0

[Event "Super United Croatia GCT Rapid 2022"]
[Site "Zagreb"]
[Date "2022.07.21"]
[Round "4.1"]
[White "Vachier-Lagrave, Maxime"]
[Black "Van Foreest, Jorden"]
[Result "1/2-1/2"]
[ECO "B13"]
[WhiteElo "2760"]
[BlackElo "2678"]
[Annotator "TA"]
[PlyCount "208"]
[EventDate "2022.07.20"]
[EventType "tourn"]
[EventCountry "CRO"]
[SourceTitle "playchess.com"]
[Source "ChessBase"]
[SourceQuality "1"]
[TimeControl "1500+10"]

1. e4 c6 2. d4 d5 3. exd5 cxd5 4. Bd3 Nc6 5. c3 Nf6 6. Bf4 Bg4 7. Qb3 Qd7 8. Nd2 e6 9. Ngf3 Bd6 10. Ne5 Qc7 11. O-O O-O 12. Nxg4 Bxf4 13. Nxf6+ gxf6 14. Nf3 Kh8 15. g3 Rg8 16. Kh1 Bd6 17. Rae1 f5 18. Qd1 Rg7 19. Nh4 Ne7 20. Qe2 Rd8 21. Rc1 Nc6 22. f4 a6 23. Nf3 Be7 24. c4 Qb6 25. c5 Qc7 26. a3 Bf6 27. Qe3 Rdg8 28. Rc2 h5 29. Ne5 h4 30. Rg2 Qd8 (30... Bxe5 $11 31. dxe5 hxg3) 31. Nxc6 ({White should play} 31. g4 $1 $14 Nxe5 32. dxe5) 31... bxc6 $11 32. Bxa6 Rg6 33. Be2 Qf8 34. Bh5 Rh6 35. g4 Qg7 36. Qf3 (36. g5 $1 $16 Bxd4 37. Qf3) 36... fxg4 $11 37. Rxg4 Qh7 38. Rxg8+ Kxg8 39. Bg4 Bxd4 40. f5 Rf6 ({Don't take} 40... Bxc5 41. Qc3 Bf8 42. Bh3 $16) (40... Bxb2 $2 41. fxe6 Kf8 42. Re1 $18) (40... e5 $11 {keeps the balance.}) 41. b4 $16 Qh6 42. b5 (42. Rd1 $14 e5 43. a4) 42... cxb5 $11 43. c6 Be5 44. Qe2 Bc7 45. Rg1 Kf8 (45... Bb6 $2 46. fxe6 $1 fxe6 47. Bxe6+ Kf8 48. Bd7 $1 Bxg1 49. c7 $18) 46. Qxb5 Qf4 47. Qb4+ Qxb4 48. axb4 exf5 49. Bf3 Rxc6 50. Bxd5 Rc2 51. Rg2 Rc3 52. Ra2 (52. Rg5 $1 $11) 52... h3 $17 53. Kg1 Rc1+ 54. Kf2 Bxh2 55. Ra3 {[%emt 0:00:16] [#]} Bg1+ $1 56. Kg3 h2 57. Kg2 Rd1 58. Bf3 Rd2+ 59. Kh1 Bd4 ({Better is} 59... Rb2 $19 60. Ra5 Bb6 61. Rxf5 Bc7) 60. Rb3 Ke7 61. b5 Bb6 62. Rc3 (62. Rb1 $15) 62... Rb2 $17 63. Bg2 Bd4 64. Rf3 Be5 65. Rxf5 Rxb5 66. Rf1 Rc5 67. Bh3 Rc3 68. Bg2 Ke6 69. Rf3 Rc5 (69... Rc2 $19 {...Rc1+ is the strong threat.} 70. Bh3+ Ke7) 70. Bh3+ $11 Ke7 (70... Kd6 $11) 71. Rf1 $19 f6 72. Bg2 Kf7 73. Be4 Kg7 74. Bg2 Kh6 75. Rf3 Kg5 76. Rf1 Bf4 77. Rf3 f5 78. Bh3 Rc1+ 79. Rf1 Rc3 80. Bg2 Kg4 81. Bf3+ Kg5 ({Worse is} 81... Rxf3 82. Rxf3 Kxf3 $11) 82. Bg2 $1 Bg3 83. Bh3 f4 84. Bg2 Rc2 85. Be4 Rd2 86. Bf3 Kh4 87. Bg2 (87. Be4 $142) 87... Rb2 88. Rf3 (88. Be4 {was worth a try.}) 88... Kg4 $19 89. Rf1 Bf2 90. Bc6 (90. Kxh2 {gets mated.} f3 91. Bxf3+ Kxf3 92. Ra1 Rb8 93. Ra3+ Be3 94. Rxe3+ Kxe3 95. Kg3 Rb4 96. Kg2 Rg4+ 97. Kh3 Kf3 98. Kh2 Rg8 99. Kh1 Kf2 100. Kh2 Rh8#) 90... Kg3 91. Bd5 Rb6 92. Be4 Rb5 93. Bc6 Rg5 94. Bb7 Rg7 95. Bd5 Re7 96. Bc6 Re2 97. Bd5 Rd2 98. Bc6 f3 99. Be4 Kf4 100. Bb7 Ke3 $2 (100... Rc2 $19 {And now ...Ra2 would win.} 101. Ba8 Rb2) 101. Rb1 $11 Rd3 (101... Bg1 $5) 102. Bc6 $2 {[%emt 0:00:36][%mdl 8192] [#]} (102. Kxh2 $11 {and White is okay.} Kf4 103. Rb5) 102... Bg3 $2 (102... Kf4 $1 $19 103. Rf1 Rc3) 103. Bxf3 $1 $15 Kxf3 104. Rb3 $1 Rxb3 1/2-1/2

[Event "Super United Croatia GCT Rapid 2022"]
[Site "Zagreb"]
[Date "2022.07.21"]
[Round "4.2"]
[White "Saric, Ivan"]
[Black "So, Wesley"]
[Result "0-1"]
[ECO "C65"]
[WhiteElo "2680"]
[BlackElo "2773"]
[Annotator "TA"]
[PlyCount "140"]
[EventDate "2022.07.20"]
[EventType "tourn"]
[EventCountry "CRO"]
[SourceTitle "playchess.com"]
[Source "ChessBase"]
[SourceQuality "1"]
[TimeControl "1500+10"]

1. e4 e5 2. Nf3 Nc6 3. Bb5 Nf6 4. d3 Bc5 5. c3 O-O 6. O-O d6 7. Bg5 {[%emt 0:00:13] 7.Re1 is setting a new trend.} h6 {[%emt 0:00:13] C65: Ruy Lopez: Berlin Defence (3...Nf6), unusual lines and 4 0-0 Bc5.} 8. Bh4 g5 9. Bg3 Nh5 {[%emt 0:00:02] The position is equal.} 10. Nbd2 Qf6 11. Bxc6 bxc6 12. d4 exd4 13. e5 Qg7 14. cxd4 Bb6 {[%emt 0:00:02] [#]} 15. Nc4 $146 ({Predecessor:} 15. a4 a5 16. Nc4 Be6 17. Rc1 Nxg3 18. hxg3 Bxc4 19. Rxc4 Rad8 20. Re1 Rfe8 21. exd6 Rxe1+ 22. Qxe1 Rxd6 23. Rxc6 Rxc6 {1-0 (34) Caruana,F (2800)-Howell,D (2658) Riga 2021}) 15... Be6 16. Rc1 g4 17. Nh4 Nxg3 18. hxg3 Rad8 (18... Rfd8 {is more complex.} 19. Qc2 Bxd4 20. exd6 cxd6 21. Nf5 Bxf5 22. Qxf5 Qg6) 19. Nxb6 axb6 20. Qe2 dxe5 21. dxe5 c5 22. b4 $1 c4 23. Rfe1 {[%emt 0:03:56] [#]} (23. Qe4 $11) 23... Qg5 (23... b5 $1 $17 {Threatening ...Qg5.} 24. Qe4 Qg5) 24. Qe4 {[%emt 0:00:41] [#]} (24. Rxc4 $11 {remains equal.} Rd2 25. Qe4) 24... Ra8 ({Black should play} 24... b5 $1 $17 25. Rcd1 Ra8) 25. Rxc4 $11 Bxc4 26. Qxc4 Rae8 27. Qxc7 Re6 (27... Qd2 $11 28. Kf1 Rc8 29. Qxb6 (29. Qd6 Rc2 $17) 29... Rc1) 28. a4 Rfe8 29. Kh2 Rxe5 30. Rxe5 Rxe5 31. Qxb6 {[%emt 0:00:33][%mdl 4096] Endgame KQR-KQN} Re1 32. Qb8+ Kg7 {[%emt 0:01:14] ( -> ...Qc1)} 33. Qc7 Qc1 34. Nf5+ Kg6 35. Ne7+ Kg5 {[%emt 0:00:31][%csl Gc1][%cal Re1h1] Chess con chili.} 36. Qxc1+ $1 ({Wrong is} 36. Qa5+ $2 Kf6 37. Qb6+ Kxe7 $19) 36... Rxc1 {[%emt 0:00:01] KR-KN} 37. b5 (37. a5 $5 Kf6 38. Ng8+ Ke6 39. Nxh6 $15) 37... Kf6 {[%emt 0:00:03][%mdl 1024] Black has compensation.} (37... Rb1 $5 ) 38. Nc6 {[%emt 0:00:11] White is now going downhill.} (38. Ng8+ $11 {was the only way to keep the balance.} Ke6 39. Nxh6) 38... Rb1 $17 39. f3 h5 40. f4 $2 (40. Nb8) 40... Ke6 $19 {[%emt 0:00:31] White must now prevent ...Kd6.} 41. a5 (41. Ne5 $142 Rb3 42. Nc6) 41... Kd6 42. a6 Kc7 (42... Kc5 $142 43. Nd8 f6 44. Ne6+ Kb6) 43. a7 Kb7 44. Nd8+ Kxa7 {[%emt 0:00:01] Threatens to win with ...Kb6.} 45. Nxf7 Kb6 46. Ng5 Kxb5 47. Ne4 Re1 48. Nf6 Re6 49. Nd7 Kc4 50. Kg1 Kd4 51. Kf2 Ra6 52. Ne5 Ke4 53. Kf1 Ra3 54. Kf2 Rc3 55. Ng6 Rc6 56. Nh4 Ra6 57. Kg1 Rf6 58. Kf2 Kd3 59. Ke1 Ra6 60. Kf2 Ra2+ (60... Ra1 $142 61. Nf5 Ra2+ 62. Kf1 Rd2) 61. Kg1 Ke2 {[%emt 0:00:17] Black mates.} 62. Nf5 Ra1+ 63. Kh2 Kf2 64. Nh4 Rg1 65. f5 Ra1 66. Ng6 Ra6 67. Nf4 Rf6 68. Nd3+ Ke3 69. Nf4 Rxf5 70. Ng6 Kf2 {[%emt 0:00:06] Weighted Error Value: White=0.38/Black=0.23 (precise)} 0-1

[Event "Super United Croatia GCT Rapid 2022"]
[Site "Zagreb"]
[Date "2022.07.21"]
[Round "4.3"]
[White "Nepomniachtchi, Ian"]
[Black "Dominguez Perez, Leinier"]
[Result "1-0"]
[ECO "C42"]
[WhiteElo "2766"]
[BlackElo "2754"]
[Annotator "TA"]
[PlyCount "89"]
[EventDate "2022.07.20"]
[EventType "tourn"]
[EventCountry "CRO"]
[SourceTitle "playchess.com"]
[Source "ChessBase"]
[SourceQuality "1"]
[TimeControl "1500+10"]

1. e4 e5 2. Nf3 Nf6 3. Nxe5 d6 4. Nf3 Nxe4 5. d4 d5 6. Bd3 Nc6 7. O-O Be7 8. Nbd2 $1 {[%emt 0:00:03][%mdl 4] now scores much better than the old 8.c4.} Bf5 9. Re1 Nxd2 {[%emt 0:00:08] C42: Petroff Defence: 3 Nxe5 and unusual White 3rd moves.} 10. Qxd2 Bxd3 11. Qxd3 O-O {[%emt 0:00:04] White is slightly better.} 12. Re2 $5 {[%emt 0:01:16][%mdl 4] An interesting side line.} Qd7 13. Bf4 Rfe8 14. Rae1 Bf8 15. c3 Rxe2 16. Rxe2 Ne7 {[%emt 0:03:24][%cal Bc6e7,Be7f5,Bf5d6,Bd6c4][%mdl 32] [#]} 17. Ne5 $146 ({Predecessor:} 17. h4 f6 18. Nh2 Ng6 19. Bg3 c6 20. h5 Ne7 21. Bf4 Re8 22. Re3 h6 23. Kf1 {1-0 (89) Raja,H (2423)-Kolbus,D (2320) Douglas 2017}) 17... Qf5 18. Qxf5 Nxf5 19. Nd3 c6 20. g4 Nd6 21. Kf1 b6 22. a4 Rc8 23. Ne5 Rc7 24. Nd3 Rc8 25. h4 Nc4 26. Nb4 f6 27. Kg2 Kf7 28. Kf3 Bd6 29. h5 Bxf4 30. Kxf4 $11 {[%emt 0:00:01][%mdl 4096] Endgame KRN-KRN} a5 31. Nd3 g5+ 32. hxg6+ hxg6 33. g5 Rh8 34. gxf6 Kxf6 35. Kg4 g5 {[%emt 0:00:20] Inhibits Nf4.} 36. f4 gxf4 37. Nxf4 Rg8+ 38. Kf3 {[%emt 0:00:04] [#] Hoping for b3.} Kf5 $2 (38... Rg1 $11 {and Black stays safe.}) 39. b3 $18 Na3 40. Re5+ Kf6 41. Re6+ Kf5 42. Rxc6 Nb1 43. Nxd5 {[%emt 0:00:07] [#] Strongly threatening Ne7+.} Nd2+ (43... Re8 $142 44. Rf6+ Kg5 45. Rxb6 Nd2+ 46. Kf2 Ne4+ 47. Kg2 Kf5) 44. Ke3 {[%emt 0:00:08] Threatens to win with Ne7+.} Rg2 45. Ne7+ {[%emt 0:00:04] Weighted Error Value: White=0.03 (flawless) /Black=0.42} 1-0